 Dungeon Sprint DCSS version 0.28-a0-422-gd71735cc25 (webtiles) character file.

Game seed: 128644446966678669

0 Lochraine the Magician (level 1, -4/15 HPs)
             Began as a Djinni Fire Elementalist on Sept 8, 2021.
             Slain by Ijyb (5 damage)
             ... in the Dungeon (Sprint I: "Red Sonja").
             The game lasted 00:01:26 (32 turns).

Lochraine the Magician (Djinni Fire Elementalist)     Turns: 32, Time: 00:01:26

Health: -4/15      AC:  2    Str:  7    XL:     1   Next: 0%
Gold:   0          EV: 12    Int: 16    God:
                   SH:  0    Dex: 13

rFire   + + .      SeeInvis .   (no weapon)
rCold   x . .      Faith    .   (no shield)
rNeg    . . .      Spirit   .   a - +0 robe
rPois   ∞          Reflect  .   (no helmet)
rElec   .          Harm     .   (no cloak)
rCorr   .          Rampage  .   (no gloves)
Will    .....      NoTele   +   (boots unavailable)
Stlth   ++........              (no amulet)
HPRegen 0.05/turn               (no ring)
MPRegen 0.00/turn               (no ring)

@: on berserk cooldown, flying, hasted and slowed
A: sickness immunity, fire resistance 2, cold vulnerability 1, float, innate
caster, hp casting, extra vitality 1
a: no special abilities


You were in the Dungeon.
You visited 1 branch

Inventory:

Armour
 a - a +0 robe (worn)
Scrolls
 f - a scroll of blinking
Potions
 b - a potion of curing {@q1}


   Skills:
 + Level 0.0 Fighting
 - Level 2.1 Dodging
 - Level 1.5 Stealth
 + Level 2.4 Spellcasting


You couldn't memorise any spells.
You knew the following spells:

 Your Spells              Type           Power      Damage    Failure   Level
a - Foxfire               Conj/Fire      36%        2x1d5     8%          1
b - Scorch                Fire           18%        2d5       11%         2
c - Inner Flame           Hex/Fire       9%         N/A       22%         3
d - Conjure Flame         Conj/Fire      9%         6-21      22%         3
e - Flame Wave            Conj/Fire      9%         3d4       58%         4
Your spell library was empty.

Dungeon Overview and Level Annotations

Branches:
Dungeon (1/1)

Altars:

Annotations:
D Ijyb


Innate Abilities, Weirdness & Mutations

You are immune to sickness and miasma.
You are immune to poison.
Your flesh is very heat resistant. (rF++)
You are vulnerable to cold. (rC-)
You float through the air rather than walking.
You learn spells naturally, not from books.
Your magical power is your life essence.
You have superior vitality. (+4 HP)


Message History

The foxfire hits Ijyb but does no damage.
The foxfire hits Ijyb but does no damage.
You conjure some foxfire!
The foxfire hits Ijyb.
The foxfire hits Ijyb but does no damage.
You conjure some foxfire!
Ijyb hits you with a +0 dagger.
* * * LOW HITPOINT WARNING * * *
The foxfire hits Ijyb.
The foxfire hits Ijyb but does no damage.
You conjure some foxfire!
* * * LOW HITPOINT WARNING * * *
Ijyb hits you with a +0 dagger.
* * * LOW HITPOINT WARNING * * *
The foxfire hits Ijyb but does no damage. x2
You feel much better. Ijyb barely misses you.
You conjure some foxfire!
Sorry, you're not good enough to have a special ability.
A red film seems to cover your vision as you go berserk!
You feel yourself moving faster!
You feel mighty!
The foxfire hits Ijyb but does no damage. x2
Ijyb hits you with a +0 dagger.
You closely miss Ijyb. You completely miss Ijyb.
Ijyb screams, "Level is mine!
All mine!"
Ijyb hits you with a +0 dagger.
You closely miss Ijyb. Ijyb hits you with a +0 dagger.
You closely miss Ijyb. You hit Ijyb but do no damage. Ijyb barely misses you.
You closely miss Ijyb. Ijyb hits you with a +0 dagger.
You closely miss Ijyb. Ijyb completely misses you.
You hit Ijyb. You barely miss Ijyb. Ijyb hits you with a +0 dagger.
* * * LOW HITPOINT WARNING * * *
You closely miss Ijyb. Ijyb closely misses you.
You closely miss Ijyb. You hit Ijyb. Ijyb closely misses you.
You hit Ijyb but do no damage. Ijyb hits you with a +0 dagger.
* * * LOW HITPOINT WARNING * * *
You closely miss Ijyb. You barely miss Ijyb. Ijyb hits you with a +0 dagger.
* * * LOW HITPOINT WARNING * * *
You hit Ijyb but do no damage. Ijyb barely misses you.
You punch Ijyb!
You are no longer berserk.
You are exhausted.
You feel yourself slow down.
You conjure some foxfire!
* * * LOW HITPOINT WARNING * * *
Ijyb hits you with a +0 dagger.
You die...

#######
#<.#..+
#..'..#
#..####
#gv#
#@.#
#v.#
#⌠⌠#
####


You could see Ijyb (ally target).

Vanquished Creatures (others)
  10 foxfires (D)
10 creatures vanquished.

Notes
Turn   | Place    | Note
-------+----------+-------------------------------------------
     0 | D        | Lochraine the Djinni Fire Elementalist began the quest for
                  | the Orb.
     0 | D        | Reached XP level 1. HP: 15/15 MP: 0/0
     1 | D        | Noticed Ijyb
    32 | D        | Slain by Ijyb

Illustrated notes

Levels and vault maps discovered:
D:        dungeon_sprint_1 [red_sonja_temple_1, red_sonja_temple_small_1]

Action                   || total
-------------------------++-------
Melee: Unarmed           ||    17
 Cast: Foxfire           ||     6
  Use: Potion            ||     3
Dodge: Dodged            ||     6

Table legend: (Time is in decaauts)
 A = Elapsed time spent in this place.
 B = Non-inter-level travel time spent in this place.
 C = Inter-level travel time spent in this place.
 D = Time resting spent in this place.
 E = Time spent auto-exploring this place.
 F = Levels seen in this place.
 G = Mean time per level.
                   A        B        C        D        E       F      G
               +--------+--------+--------+--------+--------+-----+--------+
         Total |     22 |     22 |      0 |      0 |      0 |   1 |   22.0 |
       Dungeon |     22 |     22 |      0 |      0 |      0 |   1 |   22.0 |
               +--------+--------+--------+--------+--------+-----+--------+

Top non-repeatable levels by time:
       D: 22 daAuts
